 Dungeon Crawl Stone Soup version 0.26-a0-163-g6c8a0bf695 (webtiles) character file.

Game seed: 1859367518610492598

16382 Ijustatesigmund the Cleaver (level 12, -2/89 HPs)
             Began as an Octopode Gladiator on July 3, 2020.
             Was a High Priest of Cheibriados.
             Slain by a slime creature (16 damage)
             ... on level 12 of the Dungeon.
             The game lasted 00:33:07 (12238 turns).

Ijustatesigmund the Cleaver (Octopode Gladiator)   Turns: 12238, Time: 00:33:07

Health: -2/89      AC:  3    Str: 27    XL:     12   Next: 36%
Magic:  18/18      EV: 17    Int: 29    God:    Cheibriados [*****.]
Gold:   5443       SH: 12    Dex: 27    Spells: 11/11 levels left

rFire    . . .     SeeInvis .   b - +2 war axe (flame)
rCold    + + .     Faith    .   w - +0 kite shield
rNeg     . . .     Spirit   .   I - +2 hat
rPois    .         Reflect  .   n - amulet of regeneration
rElec    .         Harm     .   i - ring of stealth
rCorr    .         Clarity  +   h - ring of protection from cold
MR       .....                  f - ring of stealth
Stlth    +++++++...             v - +6 ring of intelligence
HPRegen  0.64/turn              (no ring)
MPRegen  0.16/turn              j - ring of wizardry
                                (no ring)
                                (no ring)

@: very slow
A: almost no armour, stealthy swim, amphibious, 8 rings, constrict 8, beak,
camouflage 1, clarity, clever 1, cold resistance 1, gelatinous body 1
a: Bend Time, Temporal Distortion, Slouch, Step From Time, Renounce Religion


You were on level 12 of the Dungeon.
You worshipped Cheibriados.
Cheibriados was extremely pleased with you.
You were not hungry.

You visited 2 branches of the dungeon, and saw 13 of its levels.

You collected 5443 gold pieces.

Inventory:

Hand Weapons
 b - a +2 war axe of flaming (weapon)
 J - the +11 morningstar of Disorder {venom, rC++}
   (You found it on level 11 of the Dungeon)

   It poisons the flesh of those it strikes.
   It greatly protects you from cold.
 K - the +3 spear of Ashenzari's Hope {holy, rF++ MR+ Str+2 SInv}
   (You found it on level 11 of the Dungeon)

   It has been blessed by the Shining One to cause great damage to the undead
   and demons.
   It affects your strength (+2).
   It greatly protects you from fire.
   It affects your resistance to hostile enchantments.
   It lets you see invisible.
Missiles
 c - 7 throwing nets
 g - 14 boomerangs
 s - 5 atropa-tipped darts
 C - a curare-tipped dart
 D - a javelin (quivered)
Armour
 w - a +0 kite shield (worn)
 I - a +2 hat (worn)
Jewellery
 f - a ring of stealth (on tentacle)
 h - a ring of protection from cold (right tentacle)
 i - a ring of stealth (left tentacle)
 j - a ring of wizardry (on tentacle)
 n - an amulet of regeneration (around mantle)
 v - a +6 ring of intelligence (on tentacle)
Wands
 a - a wand of polymorph (6)
 m - a wand of digging (7)
 r - a wand of acid (6)
 y - a wand of iceblast (13)
 B - a wand of flame (12)
 H - a wand of disintegration (22)
Scrolls
 e - 2 scrolls of teleportation
 A - 6 scrolls of remove curse
 E - 3 scrolls of immolation
 F - a scroll of fog
 G - a scroll of identify
 L - 2 scrolls of amnesia
Potions
 k - a potion of curing
 l - 2 potions of mutation
 p - 2 potions of stabbing {unknown}
 q - a potion of lignification
 t - 3 potions of flight
 u - 3 potions of might
 x - a potion of ambrosia
 z - 3 potions of brilliance
Comestibles
 d - 28 rations
 o - 4 chunks of flesh


   Skills:
 - Level 10.8 Fighting
 - Level 11.1 Axes
 - Level 5.2 Throwing
 - Level 5.7 Dodging
 + Level 7.3 Stealth
 + Level 5.6 Shields
 + Level 8.5 Invocations


You had 11 spell levels left.
You didn't know any spells.
Your spell library contained the following spells:

 Spells                   Type           Power        Failure   Level  Hunger
 Summon Small Mammal      Summ           #...         14%         1    ##.....
 Call Imp                 Summ           #.......     21%         2    ###....
 Call Canine Familiar     Summ           #.......     38%         3    ####...
 Confusing Touch          Hex            #.......     38%         3    ####...
 Gell's Gravitas          Tloc           #.........   38%         3    ####...
 Summon Guardian Golem    Hex/Summ       #.......     38%         3    ####...
 Petrify                  Tmut/Erth      #.......     77%         4    #####..
 Summon Ice Beast         Ice/Summ       #.......     77%         4    #####..
 Summon Lightning Spire   Summ/Air       #.......     77%         4    #####..
 Metabolic Englaciation   Hex/Ice        #.........   97%         5    ######.
 Yara's Violent Unravell  Hex/Tmut       #.........   97%         5    ######.


Dungeon Overview and Level Annotations

Branches:
Dungeon (12/15)            Temple (1/1) D:7            Lair (0/6) D:10
    Orc (0/2) D:9

Altars:
Ashenzari
Cheibriados
Fedhas
Makhleb
Qazlal
Sif Muna
Trog
Zin
The Shining One

Shops:
D:10 (


Innate Abilities, Weirdness & Mutations

You cannot wear most types of armour.
You are very stealthy in the water. (Stealth+)
You are amphibious.
You can wear up to eight rings at the same time.
You can use your tentacles to constrict eight enemies at once.
Your skin changes colour to match your surroundings (Stealth+).
Your rubbery body absorbs attacks. (AC +1, EV +1)
You have a beak for a mouth.
You possess an exceptional clarity of mind.
Your mind is acute. (Int +2)
Your flesh is cold resistant. (rC+)


Message History

You slash the slime creature! You burn the slime creature.
You block the slime creature's attack. The slime creature hits you!!
You slash the slime creature! You burn the slime creature.
You kill the slime creature!
Cheibriados appreciates the change of pace.
You slash the slime creature! You burn the slime creature.
The slime creature closely misses you.
You slash the slime creature! You burn the slime creature.
You peck the slime creature, but do no damage.
The slime creature is almost dead.
The slime creature misses you.
You barely miss the slime creature. You peck the slime creature.
The slime creature is almost dead.
The slime creature hits you!
* * * LOW HITPOINT WARNING * * *
You hit the slime creature. You burn the slime creature.
You squeeze the slime creature.
The slime creature is almost dead.
The slime creature hits you!
You die...

###+##
#....#
#....#
######....#
+JJJ.'....#
#....#
#....#
#..J.#
#.@..#
###'##
###.#
###...#
#...###
#.###
###.######
#........#
#........#


You could see a slime creature.

Vanquished Creatures
  4 two-headed ogres
  2 unseen horrors (D:11)
  2 lindwurms (D:11)
  Pikel (D:7)
  2 black mambas (D:11)
  A centaur skeleton (D:10)
  2 tyrant leeches (D:11)
  A troll (D:10)
  Grinder (D:5)
  3 slime creatures (D:12)
  A hippogriff (D:12)
  A spriggan (D:7)
  2 fire bats (D:11)
  Grum (D:11)
  2 wargs (D:10)
  5 water moccasins
  2 hell hounds (D:11)
  5 ice beasts
  2 sky beasts (D:6)
  2 black bears (D:10)
  A phantom (D:5)
  7 orc warriors
  10 ogres
  5 wolves
  4 centaurs
  A crocodile (D:10)
  2 lemures (D:7)
  A big kobold (D:9)
  6 bullfrogs
  A wyvern zombie (D:7)
  6 gnoll sergeants
  4 scorpions
  A water moccasin skeleton (D:5)
  4 killer bees (D:7)
  16 wights
  6 howler monkeys
  2 vampire bats (D:11)
  2 centaur zombies
  A bullfrog skeleton (D:8)
  A bullfrog zombie (D:6)
  10 hounds
  7 orc priests
  7 orc wizards
  2 gnoll shamans (D:10)
  Jessica (D:2)
  Ijyb (D:3)
  3 iguanas
  7 worker ants
  Terence (D:2)
  A hound zombie (D:6)
  2 hound skeletons
  A howler monkey zombie (D:10)
  A mummy (D:8)
  Robin (D:3)
  2 howler monkey skeletons
  29 gnolls
  19 adders
  A shadow imp (D:7)
  A white imp (D:5)
  An ufetubus (D:6)
  4 oozes
  2 adder skeletons
  11 worms
  A dart slug (D:1)
  8 leopard geckos
  36 orcs
  6 ball pythons
  4 giant cockroaches
  17 goblins
  17 hobgoblins
  16 jackals
  7 kobolds
  8 quokkas
  14 bats
  4 frilled lizards
  A hobgoblin zombie (D:8)
  3 kobold zombies (D:8)
  A leopard gecko skeleton (D:4)
  2 quokka skeletons
  6 rats
389 creatures vanquished.

Vanquished Creatures (collateral kills)
  A howler monkey (D:6)
  An orc (D:6)
2 creatures vanquished.

Vanquished Creatures (others)
  A jackal (D:11)
1 creature vanquished.

Grand Total: 392 creatures vanquished

Notes
Turn   | Place    | Note
-------+----------+-------------------------------------------
     0 | D:1      | Ijustatesigmund the Octopode Gladiator began the quest for
                  | the Orb.
     0 | D:1      | Reached XP level 1. HP: 14/14 MP: 1/1
   187 | D:1      | Reached XP level 2. HP: 20/20 MP: 2/2
   537 | D:1      | You fall into a shaft and drop 1 floor!
   546 | D:2      | Reached XP level 3. HP: 18/25 MP: 3/3
   564 | D:2      | Noticed Terence
  1272 | D:2      | Reached skill level 4 in Axes
  1272 | D:2      | Reached XP level 4. HP: 25/31 MP: 4/4
  1273 | D:2      | Killed Terence
  1527 | D:2      | Reached XP level 5. HP: 29/37 MP: 5/5
  1751 | D:2      | Found a shattered altar of Ashenzari.
  1994 | D:2      | Noticed Jessica
  1998 | D:2      | Killed Jessica
  2188 | D:3      | Reached skill level 5 in Axes
  2188 | D:3      | Reached XP level 6. HP: 34/44 MP: 6/6
  2369 | D:3      | Noticed Ijyb
  2377 | D:3      | Killed Ijyb
  2713 | D:3      | Noticed Robin
  2726 | D:3      | Killed Robin
  2751 | D:3      | Reached skill level 5 in Fighting
  3204 | D:4      | Reached XP level 7. HP: 50/50 MP: 7/7
  3294 | D:4      | Reached skill level 6 in Axes
  3580 | D:4      | Found a blossoming altar of Fedhas.
  3972 | D:4      | Reached XP level 8. HP: 57/57 MP: 8/8
  4241 | D:5      | Entered Level 5 of the Dungeon
  4317 | D:5      | Gained mutation: Your flesh is cold resistant. (rC+)
                  | [potion of mutation]
  4317 | D:5      | Gained mutation: You are frail. (-10% HP) [potion of
                  | mutation]
  4317 | D:5      | Gained mutation: You are agile. (Dex +2) [potion of
                  | mutation]
  4317 | D:5      | Gained mutation: You can translocate small distances at
                  | will. [potion of mutation]
  4488 | D:5      | Lost mutation: You are frail. (-10% HP) [potion of
                  | mutation]
  4488 | D:5      | Lost mutation: You are agile. (Dex +2) [potion of mutation]
  4488 | D:5      | Lost mutation: You can translocate small distances at will.
                  | [potion of mutation]
  4488 | D:5      | Gained mutation: You have a beak for a mouth. [potion of
                  | mutation]
  4488 | D:5      | Gained mutation: You possess an exceptional clarity of
                  | mind. [potion of mutation]
  4488 | D:5      | Gained mutation: Your mind is acute. (Int +2) [potion of
                  | mutation]
  4718 | D:5      | Noticed Grinder
  4726 | D:5      | Paralysed by Grinder for 6 turns
  4969 | D:5      | Reached skill level 5 in Dodging
  5185 | D:5      | Killed Grinder
  5185 | D:5      | Reached skill level 5 in Throwing
  5598 | D:5      | Reached XP level 9. HP: 57/63 MP: 9/9
  5955 | D:6      | Reached skill level 7 in Axes
  6708 | D:6      | Reached skill level 8 in Axes
  6999 | D:7      | Got a jewelled mace
  7187 | D:7      | Reached skill level 9 in Axes
  7187 | D:7      | Reached XP level 10. HP: 73/73 MP: 10/10
  7214 | D:7      | Noticed Pikel
  7221 | D:7      | Killed Pikel
  7581 | D:7      | Found a staircase to the Ecumenical Temple.
  8312 | Temple   | Entered the Ecumenical Temple
  8351 | Temple   | Became a worshipper of Cheibriados the Contemplative
  8527 | D:8      | Reached skill level 1 in Invocations
  8700 | D:8      | Reached skill level 10 in Axes
  8750 | D:8      | Identified the +3 war axe of Panocyw {drain, Str-2 Int+4}
  8752 | D:8      | Reached * piety under Cheibriados
  8798 | D:8      | Found a glowing golden altar of the Shining One.
  8798 | D:8      | Found a bloodstained altar of Trog.
  8886 | D:8      | Found a snail-covered altar of Cheibriados.
  8937 | D:8      | Found a stormy altar of Qazlal.
  9101 | D:9      | Found a staircase to the Orcish Mines.
  9101 | D:9      | Noticed a two-headed ogre
  9111 | D:9      | Killed a two-headed ogre
  9111 | D:9      | Reached skill level 10 in Fighting
  9180 | D:9      | Noticed a two-headed ogre
  9197 | D:9      | Killed a two-headed ogre
  9197 | D:9      | Reached XP level 11. HP: 27/81 MP: 12/14
  9391 | D:9      | Noticed a two-headed ogre
  9400 | D:9      | Killed a two-headed ogre
  9510 | D:9      | Reached skill level 5 in Invocations
  9672 | D:10     | Entered Level 10 of the Dungeon
  9697 | D:9      | Reached ** piety under Cheibriados
  9891 | D:10     | Reached skill level 11 in Axes
 10285 | D:10     | Reached *** piety under Cheibriados
 10287 | D:10     | Reached skill level 1 in Shields
 10397 | D:10     | Found a staircase to the Lair.
 10532 | D:10     | Found Xaiw's Antique Weapon Shop.
 10735 | D:10     | Found a stormy altar of Qazlal.
 10892 | D:11     | Noticed Grum
 10901 | D:11     | Reached skill level 1 in Stealth
 10905 | D:11     | Killed Grum
 11041 | D:11     | Reached **** piety under Cheibriados
 11048 | D:11     | Killed an unseen horror
 11052 | D:11     | Identified a scroll of acquirement
 11112 | D:11     | Killed an unseen horror
 11160 | D:11     | Noticed a two-headed ogre
 11171 | D:11     | Killed a two-headed ogre
 11254 | D:11     | Reached skill level 5 in Stealth
 11254 | D:11     | Reached XP level 12. HP: 51/89 MP: 17/17
 11417 | D:11     | Reached ***** piety under Cheibriados
 11734 | D:11     | Got a crystal morningstar
 11735 | D:11     | Identified the +10 mace "Icack" {venom, rF- rN+ MR- Int+8}
                  | (You found it on level 7 of the Dungeon)
 11736 | D:11     | Identified the +11 morningstar of Disorder {venom, rC++}
                  | (You found it on level 11 of the Dungeon)
 11794 | D:11     | Reached skill level 5 in Shields
 12062 | D:11     | Got a twisted spear
 12063 | D:11     | Identified the +3 spear of Ashenzari's Hope {holy, rF++ MR+
                  | Str+2 SInv} (You found it on level 11 of the Dungeon)
 12238 | D:12     | Slain by a slime creature

Illustrated notes

Levels and vault maps discovered:
D:1:      scummos_arrival_forest, layout_loops_ring
D:2:      layout_basic, ashenzari_altar_1, uniq_terence, uniq_jessica
D:3:      layout_loops_ring, uniq_robin, uniq_ijyb
D:4:      layout_cave_pools, fedhas_bush_and_centaur_altar, first_ration,
          grunt_ministairs_14
D:5:      layout_basic, uniq_grinder
D:6:      layout_cave_pods, grunt_ministairs_6, grunt_decor_cap
D:7:      layout_loops_ring, minmay_temple_entry_poolview, grunt_ministairs_11,
          the_bakery, uniq_pikel
D:8:      layout_cave_pools, lemuel_doored_altar,
          amethyst_overflow_temple_binary, basic_altar, minmay_mini_ossuary
D:9:      layout_rooms, orc_0_dummy
D:10:     layout_cave_pools, erik_lair_orcish_takeover, serial_gnoll_camp,
          gnoll_camp_mini_house, gnoll_camp_mini_hut, gnoll_camp_mini_hut,
          gnoll_camp_huts_basic, serial_shops, nicolae_shop_waterfront,
          nicolae_qazlal_eye_of_the_storm
D:11:     layout_rooms, hangedman_parallel_progression, uniq_grum
D:12:     layout_roguey, serial_shops, shop_fountains, nicolae_shop_crystal,
          shop, shop_statue, nicolae_shop_overgrown_old_shop,
          bh_hangedman_babel_library
Temple:   dpeg_five_rooms_temple

Skill      XL: |  1  2  3  4  5  6  7  8  9 10 11 12 |
---------------+-------------------------------------+-----
Fighting       | 3 4 5 6 8 10 | 10.8
Axes           | 4 5 6 9 10 11 | 11.1
Throwing       | 5 |  5.2
Dodging        | 5 |  5.7
Invocations    | 4 7 8 |  8.5
Shields        | 4 5 |  5.6
Stealth        | 5 7 |  7.3

Action                   |  1- 3 |  4- 6 |  7- 9 | 10-12 || total
-------------------------+-------+-------+-------+-------++-------
Melee: War axe           |    57 |   131 |   152 |   187 ||   527
       Constrict         |    14 |    34 |    49 |    83 ||   180
       Tentacles         |     8 |    26 |    45 |   112 ||   191
       Peck              |       |       |    31 |   105 ||   136
       Battleaxe         |       |       |    36 |   138 ||   174
       Morningstar       |       |       |       |    25 ||    25
Throw: Boomerang         |     1 |     9 |     9 |     1 ||    20
       Throwing net      |     1 |       |     2 |     1 ||     4
       Dart              |       |     6 |    22 |    26 ||    54
       Javelin           |       |       |       |     1 ||     1
Invok: Slouch            |       |       |       |     1 ||     1
Evoke: Wand              |       |       |     1 |     6 ||     7
  Use: Scroll            |     2 |     4 |     8 |    17 ||    31
       Potion            |       |       |     6 |     6 ||    12
 Stab: Sleeping          |     2 |    14 |    14 |    29 ||    59
       Held in net/web   |     1 |       |     3 |       ||     4
       Distracted        |       |     1 |     1 |     4 ||     6
       Invisible         |       |       |       |     2 ||     2
  Eat: Chunk             |     1 |     6 |    13 |    11 ||    31
Armor: Skin              |    11 |    17 |    10 |    27 ||    65
Dodge: Dodged            |    49 |    91 |   130 |   320 ||   590
Block: Kite shield       |       |       |       |   105 ||   105

Table legend:
 A = Non-vault XP
 B = Vault XP
 C = Vault XP percentage of total XP
 D = Non-vault monster count
 E = Vault monster count
 F = Vault count percentage of total count
                 A         B        C        D         E       F
            +---------+---------+-------+---------+---------+-------
      Total |   13978 |    9425 |  40.3 |     281 |     108 |  27.8
            +---------+---------+-------+---------+---------+-------
        D:1 |      42 |       0 |   0.0 |      20 |       0 |   0.0
        D:2 |     194 |      69 |  26.2 |      32 |       2 |   5.9
        D:3 |     178 |      74 |  29.4 |      34 |      14 |  29.2
        D:4 |     570 |     130 |  18.6 |      15 |       3 |  16.7
        D:5 |     854 |     277 |  24.5 |      26 |       1 |   3.7
        D:6 |    1216 |       0 |   0.0 |      27 |       0 |   0.0
        D:7 |    1696 |    1008 |  37.3 |      45 |       7 |  13.5
        D:8 |    1022 |      22 |   2.1 |      21 |       5 |  19.2
        D:9 |    3595 |      45 |   1.2 |      26 |       1 |   3.7
       D:10 |    1854 |    1277 |  40.8 |      16 |      24 |  60.0
       D:11 |    1600 |    6523 |  80.3 |      14 |      51 |  78.5
       D:12 |    1157 |       0 |   0.0 |       5 |       0 |   0.0
            +---------+---------+-------+---------+---------+-------
